 Dungeon Crawl Stone Soup version 0.26-a0-1040-gbe3abf3417 (webtiles) character file.

Game seed: 7368541721933354243

3397 Dracia the Spear-Bearer (level 10, -3/67 HPs)
             Began as a Merfolk Gladiator on Dec 11, 2020.
             Was a Priest of Okawaru.
             Slain by a yak (7 damage)
             ... on level 9 of the Dungeon.
             The game lasted 00:11:15 (8104 turns).

Dracia the Spear-Bearer (Merfolk Gladiator)         Turns: 8104, Time: 00:11:15

Health: -3/67      AC:  6    Str: 19    XL:     10   Next: 4%
Magic:  17/17      EV: 15    Int: 10    God:    Okawaru [***...]
Gold:   681        SH:  0    Dex: 22    Spells: 9/9 levels left

rFire    . . .     SeeInvis .   a - +0 trident
rCold    + . .     Faith    .   (no shield)
rNeg     . . .     Spirit   .   b - +0 leather armour
rPois    .         Reflect  .   c - +0 helmet
rElec    +         Harm     .   m - scarf {repulsion}
rCorr    .         Rampage  .   v - +0 pair of gloves
Will     .....                  q - +0 pair of boots of the Hart {rElec rC+ Str+4} (curse)
Stlth    ++........             (no amulet)
HPRegen  0.21/turn              D - +6 ring of dexterity
MPRegen  0.15/turn              (no ring)

@: brilliant, repel missiles
A: change form in water, swift swim, stealthy swim
a: Heroism, Renounce Religion


You were on level 9 of the Dungeon.
You worshipped Okawaru.
Okawaru was most pleased with you.
You visited 1 branch of the dungeon, and saw 9 of its levels.

You collected 681 gold pieces.


   Skills:
 - Level 2.1 Fighting
 - Level 14.0 Polearms
 - Level 2.0 Throwing
 - Level 4.0 Dodging
 + Level 10.6 Invocations


You had 9 spell levels left.
You didn't know any spells.
Your spell library was empty.

Inventory:

Hand Weapons
 a - a +0 trident (weapon)
Missiles
 d - 4 throwing nets (quivered) {=f=f}
 o - 44 poisoned darts
Armour
 b - a +0 leather armour (worn)
 c - a +0 helmet (worn)
 m - a scarf of repulsion (worn)
 q - the cursed +0 pair of boots of the Hart (worn) {rElec rC+ Str+4}
   (You found it on level 4 of the Dungeon)

   It affects your strength (+4).
   It protects you from cold.
   It insulates you from electricity.
   It has a curse placed upon it.
 v - a +0 pair of gloves (worn)
 x - the +1 robe of Rimuhil {-Tele rF+ Dex+3}
   (You found it on level 5 of the Dungeon)

   It affects your dexterity (+3).
   It protects you from fire.
   It prevents most forms of teleportation.
Jewellery
 D - a +6 ring of dexterity (left hand)
 T - an uncursed amulet of faith {!P!P}
Wands
 A - a wand of disintegration (15)
Scrolls
 e - 8 scrolls of identify {@r1@r1}
 h - 7 scrolls of teleportation {@r4@r4}
 j - 3 scrolls of enchant weapon {unknown}
 n - a scroll of enchant armour {unknown}
 r - 3 scrolls of immolation {unknown}
 y - a scroll of blinking
 z - a scroll of holy word {unknown}
 B - a scroll of remove curse {unknown}
Potions
 f - 2 potions of flight
 i - 2 potions of magic
 l - a potion of haste {@q3@q3}
 t - a potion of lignification
 w - 2 potions of resistance

Dungeon Overview and Level Annotations

Branches:
Dungeon (9/15)             Temple (0/1) D:5
   Lair: D:8-11         Orc: D:9-12

Altars:
Ashenzari
Dithmenos
Elyvilon
Fedhas
Gozag
Hepliaklqana
Kikubaaqudgha
Nemelex Xobeh
Okawaru
Ru
Trog
Vehumet
Xom
Yredelemnul
The Shining One

Shops:
D:5 (

Annotations:
D:5 2 transporters, qborf's ghost, novice FoVM
D:6 2 transporters, 3 runed translucent doors, Dracia's ghost, novice MfIE
D:8 exclusions: oklob plant and statue .... #.. .. ... . .YY

#. #Y# .
#Y# #. #Y#
#.##@#
#....## .
###...#....
#<.......
#........
..(......
..........
###........
###......


You could see 5 yaks.


Message History

You hit the yak but do no damage. The yak gores you.
* * * LOW HITPOINT WARNING * * *
You completely miss the yak.
The yak snorts and paws the ground.
The yak gores you but does no damage.
You puncture the yak!
The yak is moderately wounded.
Use which ability? (? or * to list)
Okay, then.
You closely miss the yak.
The yak is moderately wounded.
The yak gores you!
* * * LOW HITPOINT WARNING * * *
You completely miss the yak.
The yak is moderately wounded.
You puncture the yak!
The yak is severely wounded.
You feel like a meek peon again. The yak gores you!
* * * LOW HITPOINT WARNING * * *
You hit the yak.
The yak is severely wounded.
The yak gores you!
* * * LOW HITPOINT WARNING * * *
You hit the yak.
The yak is severely wounded.
You puncture the yak!
The yak is almost dead.
The yak gores you!
You die...

Skill      XL: |  1  2  3  4  5  6  7  8  9 |
---------------+----------------------------+-----
Polearms       | 5 6 7 8 9 10 12 14 | 14.0
Invocations    | 5 10 | 10.6
Fighting       | |  2.1
Throwing       | |  2.0
Dodging        | |  4.0

Action                   |  1- 3 |  4- 6 |  7- 9 | 10-12 || total
-------------------------+-------+-------+-------+-------++-------
Melee: Trident           |   108 |   184 |   451 |    22 ||   765
       Tailslap          |       |       |     8 |       ||     8
       Punch             |       |       |     2 |       ||     2
Invok: Heroism           |       |       |     3 |     1 ||     4
  Use: Scroll            |       |       |     6 |       ||     6
       Potion            |       |       |       |     8 ||     8
 Stab: Sleeping          |     5 |     5 |       |       ||    10
       Distracted        |       |       |     1 |       ||     1
Armor: Leather armour    |    15 |    22 |    42 |     1 ||    80
       Skin              |       |       |       |     2 ||     2
Dodge: Dodged            |    49 |    80 |   185 |     6 ||   320
       Repelled          |       |       |     2 |       ||     2

Levels and vault maps discovered:
D:1:      dpeg_arrival_line_fractal, layout_basic, hangedman_decor_growths
D:2:      layout_basic, yredelemnul_forgotten_temple_becter,
          hangedman_feature_mirror, minmay_misc_feat_square
D:3:      layout_rooms, doesnt_xom_only_xom
D:4:      layout_cave_pools, nicolae_gozag_seed_capital, okawaru_gym_becter,
          minmay_three_crescents, uniq_grinder
D:5:      kennysheep_six_static_rooms, layout_rooms,
          regret_index_temple_of_mockery, minmay_temple_entry_nine_rooms,
          serial_shops, shop_coins, gammafunk_ghost_gnarly_gnolls
D:6:      gammafunk_cloud_chamber, layout_basic, lemuel_round_altar, minitemple,
          ebering_ghost_rock_garden, serial_bayou_pond_c
D:7:      layout_loops_ring, kennysheep_mini_moat, abandoned_shop,
          minmay_lizard_king
D:8:      layout_rooms, tgw_fedhas, vehumet_statue, uniq_joseph
D:9:      layout_rooms, kiku_gazebo_pond_becter, serial_shops, shop,
          hangedman_minor_magic

Notes
Turn   | Place    | Note
-------+----------+-------------------------------------------
     0 | D:1      | Dracia the Merfolk Gladiator began the quest for the Orb.
     0 | D:1      | Reached XP level 1. HP: 16/16 MP: 1/1
    55 | D:1      | Reached skill level 5 in Polearms
    93 | D:1      | Reached XP level 2. HP: 22/22 MP: 2/2
   613 | D:2      | Reached skill level 6 in Polearms
   613 | D:2      | Reached XP level 3. HP: 27/27 MP: 3/3
  1248 | D:2      | Reached skill level 7 in Polearms
  1248 | D:2      | Reached XP level 4. HP: 30/33 MP: 4/4
  1324 | D:2      | Found a basalt altar of Yredelemnul.
  2096 | D:3      | Reached skill level 8 in Polearms
  2100 | D:3      | Reached XP level 5. HP: 38/38 MP: 5/5
  2153 | D:3      | Found a shimmering altar of Xom.
  2162 | D:3      | Found a blossoming altar of Fedhas.
  2162 | D:3      | Found a sparkling altar of Nemelex Xobeh.
  2164 | D:3      | Found an ancient bone altar of Kikubaaqudgha.
  2164 | D:3      | Found a broken altar of Ashenzari.
  2164 | D:3      | Found a bloodstained altar of Trog.
  2647 | D:4      | Noticed a phantom
  2670 | D:4      | Killed a phantom
  2671 | D:4      | Reached skill level 9 in Polearms
  2671 | D:4      | Reached XP level 6. HP: 41/44 MP: 6/6
  2749 | D:4      | Reached skill level 10 in Polearms
  3087 | D:4      | Got a pair of shimmering boots
  3092 | D:4      | Identified the cursed +0 pair of boots of the Hart {rElec
                  | rC+ Str+4} (You found it on level 4 of the Dungeon)
  3099 | D:4      | Reached XP level 7. HP: 48/50 MP: 7/7
  3243 | D:4      | Found an iron altar of Okawaru.
  3250 | D:4      | Reached skill level 11 in Polearms
  3270 | D:4      | Found an opulent altar of Gozag.
  3310 | D:4      | Noticed Grinder
  3319 | D:4      | Killed Grinder
  3323 | D:4      | Became a worshipper of Warmaster Okawaru
  3534 | D:5      | Entered Level 5 of the Dungeon
  3566 | D:5      | Reached skill level 12 in Polearms
  3889 | D:5      | Reached XP level 8. HP: 48/56 MP: 8/8
  3962 | D:5      | Found a staircase to the Ecumenical Temple.
  4005 | D:5      | Found Ceixiv's Antique Weapon Shop.
  4047 | D:5      | Reached skill level 1 in Invocations
  4107 | D:5      | Reached skill level 13 in Polearms
  4107 | D:5      | Reached skill level 2 in Invocations
  4439 | D:5      | Reached * piety under Okawaru
  4457 | D:5      | Reached skill level 3 in Invocations
  4513 | D:5      | Found a transporter.
  4515 | D:5      | Identified the +3 buckler of the Rose {Will+}
  4516 | D:5      | Got a crude robe
  4519 | D:5      | Identified the +1 robe of Rimuhil {-Tele rF+ Dex+3} (You
                  | found it on level 5 of the Dungeon)
  4665 | D:5      | Found a shimmering altar of Xom.
  4666 | D:5      | Found a hazy altar of Hepliaklqana.
  4667 | D:5      | Noticed a spectral ugly thing
  4700 | D:5      | Found a transporter.
  4739 | D:5      | Noticed qborf's ghost (novice FoVM)
  5069 | D:6      | Found a transporter.
  5271 | D:6      | Found a transporter.
  5340 | D:6      | Found a glowing golden altar of the Shining One.
  5360 | D:6      | Reached skill level 4 in Invocations
  5443 | D:6      | Found a runed translucent gate.
  5444 | D:6      | Found a runed translucent gate.
  5445 | D:6      | Found a runed translucent gate.
  5447 | D:6      | Noticed Dracia's ghost (novice MfIE)
  5481 | D:6      | Found a shadowy altar of Dithmenos.
  5502 | D:6      | Found a white marble altar of Elyvilon.
  5503 | D:6      | Found a sparkling altar of Nemelex Xobeh.
  5796 | D:7      | Reached skill level 14 in Polearms
  5797 | D:7      | Reached skill level 5 in Invocations
  5799 | D:7      | Reached XP level 9. HP: 35/61 MP: 9/12
  6018 | D:7      | Reached skill level 6 in Invocations
  6288 | D:7      | Reached skill level 7 in Invocations
  6454 | D:7      | Found a sacrificial altar of Ru.
  6715 | D:7      | Reached skill level 8 in Invocations
  6876 | D:8      | Noticed Joseph
  7151 | D:8      | Killed Joseph
  7151 | D:8      | Reached ** piety under Okawaru
  7152 | D:8      | Reached skill level 9 in Invocations
  7782 | D:8      | Found a radiant altar of Vehumet.
  7835 | D:8      | Found a blossoming altar of Fedhas.
  7850 | D:8      | Noticed an oklob plant
  8066 | D:9      | Reached *** piety under Okawaru
  8067 | D:9      | Reached skill level 10 in Invocations
  8074 | D:9      | Reached XP level 10. HP: 48/67 MP: 17/17
  8102 | D:9      | HP: 4/67 [yak (9)]
  8104 | D:9      | Slain by a yak

Vanquished Creatures
  Joseph (D:8)
  Grinder (D:4)
  2 yaks (D:9)
  A black bear (D:7)
  2 necrophages
  7 ogres
  2 phantoms
  4 centaurs
  A bullfrog (D:8)
  A scorpion (D:8)
  2 howler monkeys
  2 bullfrog zombies
  A quasit (D:4)
  A centaur zombie (D:7)
  2 bullfrog skeletons (D:5)
  4 orc priests
  4 hounds
  A jelly (D:8)
  3 orc wizards (D:7)
  4 iguanas
  5 worker ants
  A hound skeleton (D:5)
  4 gnolls (D:7)
  6 adders
  3 shadow imps
  2 white imps (D:7)
  2 ufetubi (D:6)
  4 oozes
  An adder zombie (D:6)
  2 adder skeletons (D:4)
  4 worms
  2 dart slugs
  9 leopard geckos
  18 orcs
  A ball python (D:1)
  6 bats
  2 giant cockroaches
  9 goblins
  6 hobgoblins
  4 jackals (D:6)
  7 frilled lizards
  A jackal skeleton (D:5)
  7 kobolds
  A quokka skeleton (D:5)
  A quokka zombie (D:6)
  7 rats
  A spectral orc (D:2)
162 creatures vanquished.

Vanquished Creatures (others)
  12 plants
12 creatures vanquished.

Grand Total: 174 creatures vanquished

Table legend: (Time is in decaauts)
 A = Elapsed time spent in this place.
 B = Non-inter-level travel time spent in this place.
 C = Inter-level travel time spent in this place.
 D = Time resting spent in this place.
 E = Time spent auto-exploring this place.
 F = Levels seen in this place.
 G = Mean time per level.
                   A        B        C        D        E       F      G
               +--------+--------+--------+--------+--------+-----+--------+
         Total |   7849 |   7681 |    168 |   1051 |   5457 |   9 |  872.1 |
       Dungeon |   7849 |   7681 |    168 |   1051 |   5457 |   9 |  872.1 |
               +--------+--------+--------+--------+--------+-----+--------+

Top non-repeatable levels by time:
     D:7: 1499 daAuts
     D:4: 1341 daAuts
     D:5: 1069 daAuts
     D:2: 1020 daAuts
     D:8: 900 daAuts
     D:3: 728 daAuts
     D:6: 698 daAuts
     D:1: 556 daAuts
     D:9: 34 daAuts

Table legend:
 A = Non-vault XP
 B = Vault XP
 C = Vault XP percentage of total XP
 D = Non-vault monster count
 E = Vault monster count
 F = Vault count percentage of total count
                 A         B        C        D         E       F
            +---------+---------+-------+---------+---------+-------
      Total |    3851 |    1003 |  20.7 |     148 |      14 |   8.6
            +---------+---------+-------+---------+---------+-------
        D:1 |      27 |       0 |   0.0 |      17 |       0 |   0.0
        D:2 |      78 |       8 |   9.3 |      18 |       3 |  14.3
        D:3 |      61 |       0 |   0.0 |      21 |       0 |   0.0
        D:4 |     374 |     385 |  50.7 |      16 |       3 |  15.8
        D:5 |     712 |     134 |  15.8 |      17 |       3 |  15.0
        D:6 |     194 |       0 |   0.0 |      12 |       0 |   0.0
        D:7 |    1372 |      10 |   0.7 |      28 |       4 |  12.5
        D:8 |     521 |     466 |  47.2 |      16 |       1 |   5.9
        D:9 |     512 |       0 |   0.0 |       3 |       0 |   0.0
            +---------+---------+-------+---------+---------+-------
